 Dungeon Crawl Stone Soup version 0.22-b1-59-g0aedee7 (webtiles) character file.

527 NekoKawashu the Slasher (level 7, -6/52 HPs)
             Began as a Human Monk on Aug 9, 2018.
             Mangled by an ogre
             ... wielding a +0 giant club
              (11 damage)
             ... on level 5 of the Dungeon.
             The game lasted 00:09:09 (4757 turns).

NekoKawashu the Slasher (Human Monk)                Turns: 4757, Time: 00:09:09

Health: -6/52      AC: 11    Str: 13    XL:     7   Next: 47%
Magic:  7/7        EV:  4    Int: 15    God:    Xom [..*...]
Gold:   211        SH:  0    Dex: 16    Spells: 6/6 levels left

rFire    . . .     SeeInvis .   a - +0 falchion
rCold    . . .     Gourm    .   (no shield)
rNeg     . . .     Faith    .   v - +0 plate armour
rPois    .         Spirit   .   (no helmet)
rElec    .         Reflect  .   (no cloak)
rCorr    .         Harm     .   j - +0 pair of gloves
MR       .....                  (no boots)
Stlth    ..........             (no amulet)
HPRegen  0.17/turn              (no ring)
MPRegen  0.10/turn              (no ring)

@: brilliant
A: no striking features
a: Renounce Religion


You were on level 5 of the Dungeon.
You worshipped Xom.
You were a toy of Xom.
You were not hungry.

You visited 1 branch of the dungeon, and saw 5 of its levels.

You collected 211 gold pieces.

Inventory:

Hand Weapons
 a - a +0 falchion (weapon)
Armour
 b - a +0 robe
 g - a +0 ring mail
 j - a +0 pair of gloves (worn)
 v - a +0 plate armour (worn)
Scrolls
 d - 2 scrolls of fear {unknown}
 e - 3 scrolls of remove curse {unknown}
 i - a scroll of enchant armour {unknown}
 k - 7 scrolls of identify {unknown}
 m - 2 scrolls of teleportation {unknown}
 n - 3 scrolls of enchant weapon {unknown}
 o - 3 scrolls of magic mapping {unknown}
 t - 2 scrolls of amnesia {unknown}
 u - a scroll of random uselessness {unknown}
Potions
 f - a potion of mutation {unknown}
 h - a potion of ambrosia {unknown}
 l - a potion of curing {unknown}
 p - 2 potions of heal wounds {unknown}
 q - 2 potions of invisibility {unknown}
 r - a potion of might {unknown}
 s - a potion of magic {unknown}
Comestibles
 c - 7 rations


   Skills:
 - Level 3.2 Fighting
 + Level 7.6 Long Blades
 + Level 1.2 Armour
 - Level 3.3 Dodging
 - Level 2.0 Stealth


You had 6 spell levels left.
You didn't know any spells.
Your spell library contained the following spells:

 Spells                   Type           Power        Failure   Level  Hunger
 Magic Dart               Conj           #...         96%         1    ##.....
 Conjure Flame            Conj/Fire      #.......     100%        3    ####...
 Slow                     Hex            #.......     99%         2    ###....
 Mephitic Cloud           Conj/Pois/Air  #.......     100%        3    ####...
 Blink                    Tloc           N/A          99%         2    ###....
 Call Imp                 Summ           #.......     99%         2    ###....


Dungeon Overview and Level Annotations

Branches:
Dungeon (5/15)
 Temple: D:4-7

Altars:
Ashenzari
Kikubaaqudgha
Nemelex Xobeh
Ru
Sif Muna
Xom
The Shining One


Message History

You see here a scroll labeled KORAIQ DIWNI.
There is a stone staircase leading down here. "Go forth and cause havoc, mortal!"
You feel better. The ogre completely misses you.
You see here 16 gold pieces.
You hit the ogre.
The ogre is lightly wounded.
The ogre hits you with a giant club!
* * * LOW HITPOINT WARNING * * *
You hit the ogre.
The ogre is moderately wounded.
You hit the ogre.
The ogre is heavily wounded.
The ogre hits you with a giant club!
* * * LOW HITPOINT WARNING * * *
You barely miss the ogre.
The ogre is heavily wounded.
The ogre hits you with a giant club!
You die...
Xom is highly amused!

#### #.. #.#
######.##
#..@O...##
#.##...>.##
#.#.......####
#.#............
#.#.......#####
#.#.#....##
#...?...##
##..#.###
#(#.##


You could see an ogre.

Vanquished Creatures
  A phantom (D:4)
  An ogre (D:4)
  A centaur (D:5)
  A hound (D:4)
  An orc priest (D:4)
  2 worker ants (D:4)
  8 adders
  2 oozes (D:1)
  A dart slug (D:3)
  A leopard gecko (D:3)
  7 orcs (D:4)
  3 ball pythons
  3 bat zombies (D:3)
  2 giant cockroaches
  13 goblins
  9 hobgoblins
  7 jackals
  15 bats
  4 frilled lizards
  6 kobolds
  A quokka skeleton (D:2)
  5 rats
94 creatures vanquished.

Notes
Turn   | Place    | Note
-------+----------+-------------------------------------------
     0 | D:1      | NekoKawashu the Human Monk began the quest for the Orb.
     0 | D:1      | Reached XP level 1. HP: 18/18 MP: 1/1
    39 | D:1      | Reached XP level 2. HP: 7/24 MP: 2/2
   500 | D:1      | Found a shattered altar of Ashenzari.
   532 | D:1      | Reached XP level 3. HP: 29/29 MP: 3/3
   902 | D:2      | Reached skill level 4 in Long Blades
   904 | D:2      | Reached XP level 4. HP: 30/35 MP: 4/4
  1634 | D:2      | Found a glowing golden altar of the Shining One.
  1709 | D:2      | Found a sacrificial altar of Ru.
  1765 | D:2      | Found a deep blue altar of Sif Muna.
  2128 | D:3      | Found a sparkling altar of Nemelex Xobeh.
  2180 | D:3      | Found an ancient bone altar of Kikubaaqudgha.
  2312 | D:3      | Reached XP level 5. HP: 41/41 MP: 5/5
  2346 | D:3      | Reached skill level 5 in Long Blades
  2857 | D:4      | Noticed a phantom
  2901 | D:4      | Killed a phantom
  2901 | D:4      | Reached skill level 6 in Long Blades
  2901 | D:4      | Reached XP level 6. HP: 13/47 MP: 6/6
  3366 | D:4      | Found a glowing drain.
  4008 | D:4      | Noticed an ogre
  4041 | D:4      | Reached skill level 7 in Long Blades
  4041 | D:4      | Reached XP level 7. HP: 35/52 MP: 7/7
  4348 | D:4      | Found a shimmering altar of Xom.
  4646 | D:4      | Became a worshipper of Xom of Chaos
  4665 | D:4      | XOM: silly message
  4714 | D:5      | Entered Level 5 of the Dungeon
  4727 | D:5      | XOM: potion effect (curing)
  4731 | D:5      | Reached skill level 1 in Armour
  4742 | D:5      | XOM: potion effect (brilliance)
  4751 | D:5      | XOM: potion effect (curing)
  4757 | D:5      | Mangled by an ogre

Skill      XL: |  1  2  3  4  5  6  7 |
---------------+----------------------+-----
Long Blades    | 4 6 7 |  7.6
Armour         | 1 |  1.2
Fighting       | |  3.2
Dodging        | |  3.3
Stealth        | |  2.0

Action                   |  1- 3 |  4- 6 |  7- 9 || total
-------------------------+-------+-------+-------++-------
Melee: Falchion          |    93 |   252 |    19 ||   364
 Stab: Sleeping          |     1 |     5 |       ||     6
  Eat: Chunk             |       |    10 |     2 ||    12
       Ration            |       |       |     1 ||     1
Armor: Robe              |     6 |       |       ||     6
       Ring mail         |    34 |    94 |     4 ||   132
       Plate armour      |       |       |     7 ||     7
Dodge: Dodged            |   100 |   214 |     7 ||   321
       Rpst.: Falchion   |    32 |    77 |     2 ||   111
